 Dungeon Sprint DCSS version 0.31-a0-841-g038b102fc3 (webtiles) character file.

Game seed: 987473660662686798

99 sircluck the Ruffian (level 4, -1/73 HPs)
             Began as a Troll Berserker on Sept 27, 2023.
             Was a Believer of Trog.
             Slain by a sun demon (27 damage)
             ... summoned by an orc high priest
             ... in the Dungeon (Sprint VII: "The Pits").
             The game lasted 00:00:12 (36 turns).

sircluck the Ruffian (Troll Berserker)                Turns: 36, Time: 00:00:13

Health: -1/73      AC:  4    Str: 27    XL:     4   Next: 45%
Magic:  3/3        EV: 10    Int:  3    God:    Trog [**....]
Gold:   0          SH:  0    Dex:  9    Spells: 3/3 levels left

rFire   . .          .
                       - Unarmed
rCold   . . .        (no shield)
rNeg    . . .        a - +0 animal skin
rPois   .            (helmet restricted)
rElec   .            (no cloak)
rCorr   .            (gloves unavailable)
SInv    .            (boots unavailable)
Will    .....        (no amulet) Stlth
                     (no ring)
HPRegen 1.12/turn    (no ring)
MPRegen 0.08/turn

%: no teleportation
@: berserking, very quick
A: large, unfitting armour, claws 3, regeneration 1, shaggy fur 1, tough skin 1
a: Renounce Religion, Berserk, Trog's Hand


You were in the Dungeon.
You worshipped Trog.
Trog was pleased with you.
You visited 1 branch

Inventory:

Armour
 a - a +0 animal skin (worn)
Scrolls
 g - a scroll of blinking
Potions
 b - a potion of curing
 c - a potion of heal wounds
 d - a potion of haste
 e - 2 potions of magic
 f - a potion of berserk rage


   Skills:
 + Level 4.9 Fighting
 + Level 4.9 Dodging
 + Level 5.9 Unarmed Combat


You had 3 spell levels left.
You didn't know any spells.
Your spell library was empty.

Dungeon Overview and Level Annotations

Branches:
Dungeon (1/1)

Altars:


Innate Abilities, Weirdness & Mutations

You are too large for most types of armour.
You have claws for hands.
Your natural rate of healing is unusually fast.
You are covered in fur. (AC +1)
You have tough skin. (AC +1)


Message History

You have reached level 2!
You have reached level 3!
Your experience leads to an increase in your attributes!
Increase (S)trength, (I)ntelligence, or (D)exterity?
You feel stronger. x3
You have reached level 4!
Unknown command.
Unknown command.
You mangle the orc!!
You kill the orc!
Trog accepts your kill. The white imp hits you. The white imp freezes you.
The orc warrior barely misses you. The orc barely misses you.
You mangle the orc!!
You kill the orc!
Trog accepts your kill.
You can now call upon Trog for regeneration and willpower.
The orc warrior hits you from afar with a +0 halberd!
The white imp hits you. The white imp freezes you.
Unknown command.
Unknown command.
You claw the orc!
You feel the power of Trog in you as your rage grows.
You kill the orc!
Trog accepts your kill.
You miss the sun demon.
The orc warrior hits you from afar with a +0 halberd!
The white imp closely misses you.
You claw the sun demon! x2
The sun demon is heavily wounded.
The sun demon misses you.
You scratch the sun demon. Your claw misses the sun demon.
The sun demon is severely wounded.
The sun demon misses you.
The orc warrior hits you from afar with a +0 halberd!
The white imp hits you but does no damage.
You claw the sun demon!
The sun demon is almost dead.
The sun demon hits you!!
You die...

#................#
####'#####''######
#.......##''#
#.......##..#
#.......##..#
#...<...##..# #
#.......##..# .###
#.......##.)#ro..##
#.......##.@3oo...#
##########.)5o....+
#..'.....#
#..#....##
#..#..### #..####
#..# #..#


You could see an orc high priest, a sun demon (summoned), an orc warrior, a
river rat, a white imp and 2 orcs.

Vanquished Creatures
  An orc warrior (D)
  3 orcs (D)
4 creatures vanquished.

Notes
Turn   | Place    | Note
-------+----------+-------------------------------------------
     0 | D        | sircluck the Troll Berserker began the quest for the Orb.
     0 | D        | Reached XP level 1. HP: 22/22 MP: 0/0
    21 | D        | Noticed an orc high priest
    21 | D        | Noticed an orc warrior
    21 | D        | Noticed an orc warrior
    26 | D        | Noticed a sun demon
    29 | D        | Killed an orc warrior
    30 | D        | Reached skill level 5 in Unarmed Combat
    30 | D        | Reached XP level 2. HP: 33/33 MP: 1/1
    30 | D        | Reached XP level 3. HP: 41/41 MP: 2/2
    30 | D        | Reached XP level 4. HP: 49/49 MP: 3/3
    31 | D        | Reached ** piety under Trog
    36 | D        | Slain by a sun demon

Illustrated notes

Levels and vault maps discovered:
D:        pitsprint [storerooms_1, entrance_room_1, metal_vault_1, armoury_2,
          mini_pit_1, grid_room_1, main_hall_1, silver_pit, the_coven_1,
          the_vestibule_1, steel_vault_5, golden_pit, hallway_of_sentries,
          crystal_vault_2, iron_vault_1, final_vault]

Skill      XL: |  1 |
---------------+----+-----
Fighting       | 4 |  4.9
Dodging        | 4 |  4.9
Unarmed Combat | 5 |  5.9

Action                     |  1- 3 |  4- 6 || total
---------------------------+-------+-------++-------
  Melee: Unarmed           |     6 |     7 ||    13
         Punch             |       |     1 ||     1
 Invoke: Berserk           |     1 |       ||     1
 Armour: Animal skin       |     1 |     7 ||     8
  Dodge: Dodged            |     6 |     5 ||    11

Table legend: (Time is in decaauts)
 A = Elapsed time spent in this place.
 B = Non-inter-level travel time spent in this place.
 C = Inter-level travel time spent in this place.
 D = Time resting spent in this place.
 E = Time spent auto-exploring this place.
 F = Levels seen in this place.
 G = Mean time per level.
                   A        B        C        D        E       F      G
               +--------+--------+--------+--------+--------+-----+--------+
         Total |     31 |     31 |      0 |      0 |     21 |   1 |   31.0 |
       Dungeon |     31 |     31 |      0 |      0 |     21 |   1 |   31.0 |
               +--------+--------+--------+--------+--------+-----+--------+

Top non-repeatable levels by time:
       D: 31 daAuts
